 Dungeon Crawl Stone Soup version 0.32-a0-931-g5a2cda0630 (webtiles) character file.

Game seed: 5517266427816791075

707 jfitz the Chopper (level 7, -8/63 HPs)
             Began as a Minotaur Berserker on Apr 14, 2024.
             Was a Priest of Trog.
             Mangled by an ogre
             ... wielding a +0 giant club
              (20 damage)
             ... on level 5 of the Dungeon.
             The game lasted 00:06:18 (3393 turns).

jfitz the Chopper (Minotaur Berserker)              Turns: 3393, Time: 00:06:19

Health: -8/63      AC:  9    Str: 24    XL:     7   Next: 39%
Magic:  6/6        EV:  9    Int:  4    God:    Trog [***...]
Gold:   233        SH:  0    Dex:  9    Spells: 6/6 levels left

rFire   . . .        a - +0 hand axe
rCold   . . .        (no shield)
rNeg    . . .        h - +0 scale mail
rPois   .            (helmet restricted)
rElec   .            r - +0 cloak
rCorr   .            m - +0 pair of gloves
SInv    .            (no boots)
Will    +....        (no amulet) Stlth
                     k - ring of willpower
HPRegen 0.30/turn    (no ring)
MPRegen 0.10/turn

%: no passive effects
@: on berserk cooldown, slowed, very slow
A: horns 2, retaliatory headbutt
a: Renounce Religion, Berserk, Trog's Hand


You were on level 5 of the Dungeon.
You worshipped Trog.
Trog was most pleased with you.
You visited 1 branch of the dungeon, and saw 5 of its levels.

You collected 233 gold pieces.

Inventory:

Hand Weapons
 a - a +0 hand axe (weapon)
Armour
 b - a +0 animal skin
 h - a +0 scale mail (worn)
 m - a +0 pair of gloves (worn)
 r - a +0 cloak (worn)
Jewellery
 k - a ring of willpower (left hand)
 t - a ring of resist corrosion
Wands
 i - a wand of light (2)
Scrolls
 c - 3 scrolls of identify
 d - a scroll of noise
 g - 3 scrolls of fog {unknown}
 j - a scroll of amnesia
 o - a scroll of enchant armour
 s - 2 scrolls of vulnerability {unknown}
Potions
 e - 2 potions of attraction {unknown}
 f - 3 potions of heal wounds {unknown}
 l - 3 potions of might {unknown}
 n - a potion of haste {unknown}
 p - 2 potions of degeneration {unknown}
 q - 2 potions of enlightenment {unknown}


   Skills:
 + Level 6.0 Fighting
 + Level 7.6 Axes
 + Level 5.0 Armour
 + Level 3.1 Dodging
 + Level 0.3 Stealth


You had 6 spell levels left.
You didn't know any spells.
Your spell library was empty.

Dungeon Overview and Level Annotations

Branches:
Dungeon (5/15)             Temple (0/1) D:4

Altars:


Innate Abilities, Weirdness & Mutations

You have a pair of horns on your head.
You reflexively headbutt those who attack you in melee.


Message History

Found a stone staircase leading down.
The ogre shouts!
Things that are here:
a +0 short sword; a +0 ring mail You barely miss the orc.
The orc hits you with a +0 short sword.
You hit the orc.
You kill the orc!
Trog accepts your kill.
Found a pair of gloves.
Things that are here:
a +0 short sword; a +0 leather armour An ogre comes into view.
It is wielding a +0 giant club.
You feel a strong urge to attack something.
You are no longer berserk.
You are exhausted.
You feel yourself slow down.
The ogre hits you with a +0 giant club!!
You slash the ogre!
The ogre is moderately wounded.
The ogre hits you with a +0 giant club.
You barely miss the ogre.
The ogre is moderately wounded.
The ogre hits you with a +0 giant club!
You hit the ogre.
The ogre is heavily wounded.
The ogre completely misses you.
You slash the ogre! Your headbutt misses the ogre.
The ogre is severely wounded.
You slash the ogre! The ogre hits you with a +0 giant club.
You slash the ogre!
You kill the ogre!
Trog accepts your kill.
You hit the ogre. The ogre hits you with a +0 giant club!
* * * LOW HITPOINT WARNING * * *
Your Fighting skill increases to level 6!
Your Armour skill increases to level 5!
You hit the ogre.
The ogre is heavily wounded.
The ogre hits you with a +0 giant club!!
You die...

..........# #.........
..........###.........
............#........#
........).........##..
.#....))......### .. #
###.)..##....#
#.###.)...##...## .
#...............#
#....@...........
#....O)........#.. #
#......).#.....# #.
..>.......#...... ...
.............#### ...
....[.#....... #.
......#..#...
......#.######


You could see an ogre.

Vanquished Creatures
  2 ogres (D:5)
  2 jellies
  A bombardier beetle (D:4)
  2 hounds
  Crazy Yiuf (D:4)
  2 orc priests (D:3)
  An iguana (D:4)
  A sleepcap (D:5)
  2 orc wizards (D:3)
  8 adders
  A river rat (D:4)
  3 dart slugs
  2 ribbon worms (D:2)
  22 orcs
  10 endoplasms
  4 giant cockroaches
  5 goblins
  8 hobgoblins
  3 quokkas
  10 ball pythons
  9 bats
  2 frilled lizards
  5 kobolds
  5 rats
  A butterfly (D:4)
112 creatures vanquished.

Notes
Turn   | Place    | Note
-------+----------+-------------------------------------------
     0 | D:1      | jfitz the Minotaur Berserker began the quest for the Orb.
     0 | D:1      | Reached XP level 1. HP: 19/19 MP: 0/0
   156 | D:1      | Reached skill level 4 in Axes
   156 | D:1      | Reached XP level 2. HP: 21/27 MP: 1/1
   494 | D:2      | Reached XP level 3. HP: 15/33 MP: 2/2
   697 | D:2      | Reached ** piety under Trog
  1313 | D:3      | Reached XP level 4. HP: 37/41 MP: 3/3
  1318 | D:3      | Reached skill level 5 in Axes
  1488 | D:3      | Found a faded altar of an unknown god.
  1526 | D:3      | Reached skill level 5 in Fighting
  1526 | D:3      | Reached XP level 5. HP: 48/48 MP: 4/4
  1704 | D:3      | Reached skill level 6 in Axes
  2018 | D:4      | Reached XP level 6. HP: 46/56 MP: 5/5
  2349 | D:4      | Found a runed translucent door.
  2350 | D:4      | Noticed Crazy Yiuf
  2358 | D:4      | Killed Crazy Yiuf
  2431 | D:4      | Reached *** piety under Trog
  3061 | D:4      | Found a staircase to the Ecumenical Temple.
  3158 | D:5      | Entered Level 5 of the Dungeon
  3171 | D:5      | Reached skill level 7 in Axes
  3253 | D:5      | Reached XP level 7. HP: 54/62 MP: 6/6
  3393 | D:5      | Reached skill level 5 in Armour
  3393 | D:5      | Mangled by an ogre

Illustrated notes

Levels and vault maps discovered:
D:1:      minmay_arrival_three_doors, layout_rooms, dk_noncrumbling_3,
          kennysheep_flooded_box
D:2:      layout_loops_ring, minmay_tromino_i4
D:3:      layout_rooms, dilly_ecumenical_altar_fadedgnrine, serial_glass,
          glass_columns_a, glass_columns_c, item_on_display_a,
          due_unseen_surprise, minmay_strange_pillars, feat_on_display
D:4:      layout_loops_corners, minmay_temple_entry_butterflies,
          mainiacjoe_sewer_entry_somewhere_in_here_2, chequers_decorated_corner,
          uniq_crazy_yiuf_cottage
D:5:      layout_cave_pools

Skill      XL: |  1  2  3  4  5  6  7 |
---------------+----------------------+-----
Axes           | 4 5 6 7 |  7.6
Fighting       | 4 5 6 |  6.0
Armour         | 3 4 5 |  5.0
Dodging        | 3 |  3.1
Stealth        | |  0.3

Action                     |  1- 3 |  4- 6 |  7- 9 || total
---------------------------+-------+-------+-------++-------
  Melee: Hand axe          |    73 |   143 |    21 ||   237
         Headbutt          |    11 |    12 |     1 ||    24
 Invoke: Berserk           |     1 |     3 |     1 ||     5
    Use: Scroll            |       |     3 |       ||     3
 Armour: Animal skin       |    36 |       |       ||    36
         Scale mail        |    15 |    94 |    13 ||   122
  Dodge: Dodged            |    54 |    76 |     8 ||   138

Table legend: (Time is in decaauts)
 A = Elapsed time spent in this place.
 B = Non-inter-level travel time spent in this place.
 C = Inter-level travel time spent in this place.
 D = Time resting spent in this place.
 E = Time spent auto-exploring this place.
 F = Levels seen in this place.
 G = Mean time per level.
                   A        B        C        D        E       F      G
               +--------+--------+--------+--------+--------+-----+--------+
         Total |   3427 |   3314 |    113 |    300 |   2361 |   5 |  685.4 |
       Dungeon |   3427 |   3314 |    113 |    300 |   2361 |   5 |  685.4 |
               +--------+--------+--------+--------+--------+-----+--------+

Top non-repeatable levels by time:
     D:4: 1167 daAuts
     D:2: 828 daAuts
     D:3: 713 daAuts
     D:1: 486 daAuts
     D:5: 231 daAuts
